 Dungeon Sprint DCSS version 0.21.0-3-g78d12a8 (webtiles) character file.

24 wojtek the Chopper (level 2, -3/42 HPs)
             Began as a Minotaur Berserker on Jan 13, 2018.
             Was a Believer of Trog.
             Drowned by a water elemental (4 damage)
             ... in the Dungeon (Sprint III: "The Ten Rune Challenge").
             The game lasted 00:00:34 (233 turns).

wojtek the Chopper (Minotaur Berserker)              Turns: 233, Time: 00:00:35

Health: -3/42      AC:  2    Str: 26    XL:     2   Next: 79%
Magic:  1/1        EV: 13    Int:  4    God:    Trog [**....]
Gold:   25         SH:  0    Dex:  9    Spells: 1/1 levels left

rFire    . . .     SeeInvis .   a - +0 hand axe
rCold    . . .     Gourm    .   (no shield)
rNeg     . . .     Faith    .   b - +0 animal skin
rPois    .         Spirit   .   (helmet restricted)
rElec    .         Reflect  .   (no cloak)
rCorr    .         Harm     .   (no gloves)
MR       .....     NoTele   +   (no boots)
Stlth    ..........             (no amulet)
HPRegen  0.14/turn              (no ring)
MPRegen  0.07/turn              (no ring)

@: berserking, engulfed (cannot breathe), very quick
A: retaliatory headbutt, horns 2
a: Berserk, Trog's Hand, Burn Spellbooks, Renounce Religion


You were in the Dungeon.
You worshipped Trog.
Trog was pleased with you.
You were not hungry.

You visited 1 branch You collected 25 gold pieces.

Inventory:

Hand Weapons
 a - a +0 hand axe (weapon)
Armour
 b - a +0 animal skin (worn)
Scrolls
 i - a scroll of blinking
 j - a scroll of torment {unknown}
 k - 4 scrolls of identify
 l - 2 scrolls of enchant armour {unknown}
 n - a scroll of immolation {unknown}
 o - a scroll of remove curse {unknown}
Potions
 d - a potion of curing
 e - a potion of heal wounds
 f - a potion of haste
 g - 2 potions of magic
 h - a potion of berserk rage
 m - 3 potions of flight
 p - 6 potions of mutation
Comestibles
 c - 3 rations
 q - 4 chunks of flesh


   Skills:
 + Level 4.7 Fighting
 * Level 5.6 Axes
 + Level 3.8 Armour
 + Level 3.5 Dodging


You had one spell level left.
You didn't know any spells.

Dungeon Overview and Level Annotations

Branches:
Dungeon (1/1)

Altars:


Innate Abilities, Weirdness & Mutations

You reflexively headbutt those who attack you in melee.
You have a pair of horns on your head.


Message History

There is an open door to the Ecumenical Temple here.
A red film seems to cover your vision as you go berserk!
You feel yourself moving faster!
You feel mighty!
You feel a lot more hungry. The water elemental hits you.
The water elemental engulfs you in water!
You closely miss the water elemental.
Your lungs strain for air!
The water elemental hits you!
You hit the water elemental. You headbutt the water elemental.
The water elemental is moderately damaged.
Your lungs strain for air!
The water elemental hits you!!
* * * LOW HITPOINT WARNING * * *
You are too injured to fight recklessly!
You are too injured to fight recklessly!
You are too injured to fight recklessly!
You slash the water elemental!
Your headbutt misses the water elemental.
The water elemental is severely damaged.
You die...

▓▓▓▓▓▓▓▓▓▓▓▓ ▓▓▓
<.#..'...♣.♣ ♣.#
..#..#....♣♣ ♣.#
#'####.....♣♣ ♣♣.#
.....#....≈.♣♣♣..###+#+##
.....#...≈÷♣.....#.......
....[#..≈≈≈≈♣♣.♣.E.⌠.....
####'#..≈≈≈≈≈≈♣♣@#...####
.....#.≈≈≈≈≈≈....#.⌠.#
.....#.≈≈≈≈≈.....#...#
.....#.≈≈≈.......#+###
'#####...........#
.................#
▓▓▓▓▓▓▓▓▓▓▓▓▓▓▓▓▓▓


You could see a water elemental.

Vanquished Creatures
  A human (D)
  A phantom (D)
  4 rats (D)
6 creatures vanquished.

Vanquished Creatures (others)
  2 draconian scorchers (D)
  4 hellions (D)
  A yaktaur (D)
  A plant (D)
8 creatures vanquished.

Grand Total: 14 creatures vanquished

Notes
Turn   | Place    | Note
-------+----------+-------------------------------------------
     0 | D        | wojtek the Minotaur Berserker began the quest for the Orb.
     0 | D        | Reached XP level 1. HP: 19/19 MP: 0/0
     4 | D        | Reached skill level 4 in Axes
    10 | D        | Reached ** piety under Trog
   100 | D        | Reached skill level 5 in Axes
   100 | D        | Reached XP level 2. HP: 16/28 MP: 1/1
   102 | D        | Killed a yaktaur
   135 | D        | Killed a white draconian scorcher
   144 | D        | Killed a white draconian scorcher
   183 | D        | Killed a hellion
   184 | D        | Killed a hellion
   184 | D        | Killed a hellion
   195 | D        | Killed a hellion
   228 | D        | Noticed a water elemental
   232 | D        | HP: 1/42 [water elemental (19)]
   233 | D        | Drowned by a water elemental

Skill      XL: |  1 |
---------------+----+-----
Axes           | 5 |  5.6
Fighting       | 4 |  4.7
Armour         | 3 |  3.8
Dodging        | 3 |  3.5

Action                   || total
-------------------------++-------
Melee: Hand axe          ||    23
       Headbutt          ||     1
Invok: Berserk           ||     2
Armor: Animal skin       ||     1
Dodge: Dodged            ||    10
